| TOP OF THE 1ST |
|
Kansas City Royals batting - Pitching for Oakland Athletics : LHP Gerald Tyler
|
|
Pitching: LHP Gerald Tyler
|
|
|
Batting: LHB Jim Eisenreich
|
0-0: Ball 1-0: Foul Ball, location: 2F 1-1: Swinging Strike 1-2: Ball 2-2: Strikes out looking
|
|
Batting: RHB Alberto Gonzalez
|
0-0: Ball 1-0: Foul Ball, location: 2F 1-1: Ball 2-1: Ball 3-1: Base on Balls
|
|
Batting: RHB Jeffrey Leonard
|
0-0: Foul Ball, location: 2F 0-1: Called Strike 0-2: Ball 1-2: Ball 2-2: Fly out, F9 (Line Drive, 9, EV 90.6 MPH)
|
|
Batting: LHB Alvin Davis
|
0-0: Ball 1-0: Called Strike 1-1: Ball 2-1: Fly out, F5 (Popup, 6S, EV 69.4 MPH)
|
| Top of the 1st over - 0 runs, 0 hits, 0 errors, 1 left on base; Kansas City 0 - Oakland 0 |
| BOTTOM OF THE 1ST |
|
Oakland Athletics batting - Pitching for Kansas City Royals : LHP Frank Viola
|
|
Pitching: LHP Frank Viola
|
|
|
Batting: SHB Mike Turgeon
|
0-0: Foul Ball, location: 2F 0-1: Foul Ball, location: 2F 0-2: Ball 1-2: Foul Ball, location: 2F 1-2: Ball 2-2: SOLO HOME RUN (Flyball, 7LD, EV 105.6 MPH), Distance : 365 ft
|
|
Batting: LHB Ruppert Jones
|
0-0: Ball 1-0: Foul Ball, location: 2F 1-1: Fly out, F9 (Flyball, 89S, EV 98.8 MPH)
|
|
Batting: RHB Dave Henderson
|
0-0: Ball 1-0: Ground out 4-3 (Groundball, 4, EV 87.5 MPH)
|
|
Batting: LHB Reggie Jackson
|
0-0: Called Strike 0-1: Called Strike 0-2: Strikes out swinging wild pitch, reaches first!
|
|
Batting: LHB Ben Oglivie
|
0-0: Ball 1-0: Called Strike Reggie Jackson is caught stealing 2nd base 2-6
|
| Bottom of the 1st over - 1 run, 1 hit, 0 errors, 0 left on base; Kansas City 0 - Oakland 1 |
| TOP OF THE 2ND |
|
Kansas City Royals batting - Pitching for Oakland Athletics : LHP Gerald Tyler
|
|
Batting: RHB Gary Carter
|
0-0: Ground out 5-3 (Groundball, 5D, EV 83.1 MPH)
|
|
Batting: RHB Rickey Henderson
|
0-0: Called Strike 0-1: Bunted foul 0-2: SINGLE (Groundball, 4, EV 96.9 MPH)
|
|
Batting: RHB Bob Horner
|
0-0: Ball 1-0: Called Strike 1-1: Foul Ball, location: 2F 1-2: Foul Ball, location: 2F 1-2: DOUBLE (Line Drive, 78XD, EV 100.0 MPH) Rickey Henderson to third Runner from 3rd tries for Home, SAFE, no throw by CF
|
|
Batting: LHB Gene Richards
|
0-0: Called Strike 0-1: Ball 1-1: Foul Ball, location: 2F 1-2: Foul Ball, location: 2F 1-2: Ball 2-2: Strikes out swinging
|
|
Batting: LHB Rick Manning
|
0-0: Fly out, F8 (Flyball, 78S, EV 92.5 MPH)
|
| Top of the 2nd over - 1 run, 2 hits, 0 errors, 1 left on base; Kansas City 1 - Oakland 1 |
| BOTTOM OF THE 2ND |
|
Oakland Athletics batting - Pitching for Kansas City Royals : LHP Frank Viola
|
|
Batting: LHB Ben Oglivie
|
0-0: Swinging Strike 0-1: Ball 1-1: Foul Ball, location: 2F 1-2: Strikes out looking and he ARGUES THE CALL AND IS TOSSED!
|
|
Batting: RHB Barry Evans
|
0-0: Called Strike 0-1: Ball 1-1: Ball 2-1: Ball 3-1: Called Strike 3-2: Base on Balls
|
|
Batting: RHB Willie Darkis
|
0-0: Called Strike 0-1: Grounds into double play, 4-6-3 (Groundball, 4, EV 78.8 MPH)
|
| Bottom of the 2nd over - 0 runs, 0 hits, 0 errors, 0 left on base; Kansas City 1 - Oakland 1 |
| TOP OF THE 3RD |
|
Kansas City Royals batting - Pitching for Oakland Athletics : LHP Gerald Tyler
|
|
Now in RF: George Hendrick
|
|
|
Batting: LHB Jim Eisenreich
|
0-0: Ball 1-0: Ball 2-0: Fly out, F9 (Flyball, 9, EV 95.0 MPH)
|
|
Batting: RHB Alberto Gonzalez
|
0-0: Ball 1-0: Ball 2-0: Foul Ball, location: 2F 2-1: Called Strike 2-2: Ball 3-2: Strikes out swinging
|
|
Batting: RHB Jeffrey Leonard
|
0-0: Ball 1-0: Swinging Strike 1-1: Called Strike 1-2: Fly out, F7 (Line Drive, 7, EV 94.4 MPH)
|
| Top of the 3rd over - 0 runs, 0 hits, 0 errors, 0 left on base; Kansas City 1 - Oakland 1 |
| BOTTOM OF THE 3RD |
|
Oakland Athletics batting - Pitching for Kansas City Royals : LHP Frank Viola
|
|
Batting: RHB Barry Foote
|
0-0: Ball 1-0: Foul Ball, location: 2F 1-1: Ground out U3 (Groundball, 13, EV 86.9 MPH)
|
|
Batting: RHB Fred Andrews
|
0-0: Called Strike 0-1: Ball 1-1: Swinging Strike 1-2: Foul Ball, location: 2F 1-2: Ball 2-2: Ball 3-2: Foul Ball, location: 2F 3-2: Ground out 4-3 (Groundball, 4M, EV 101.3 MPH)
|
|
Batting: SHB Mike Turgeon
|
0-0: Ball 1-0: Called Strike 1-1: Ball 2-1: Ball 3-1: SINGLE (Groundball, 34D, EV 96.3 MPH)
|
|
Batting: LHB Ruppert Jones
|
0-0: Called Strike 0-1: Ball 1-1: Ball 2-1: SINGLE (Line Drive, 9S, EV 101.9 MPH) Mike Turgeon to second Runner from 2nd tries for 3rd, SAFE, no throw by RF
|
|
Batting: RHB Dave Henderson
|
0-0: Ground out 5-3 (Groundball, 56, EV 107.5 MPH)
|
| Bottom of the 3rd over - 0 runs, 2 hits, 0 errors, 2 left on base; Kansas City 1 - Oakland 1 |
| TOP OF THE 4TH |
|
Kansas City Royals batting - Pitching for Oakland Athletics : LHP Gerald Tyler
|
|
Batting: LHB Alvin Davis
|
0-0: Ball 1-0: Called Strike 1-1: Foul Ball, location: 2F 1-2: Foul Ball, location: 2F 1-2: Fly out, F7 (Line Drive, 7D, EV 101.3 MPH)
|
|
Batting: RHB Gary Carter
|
0-0: Fly out, F8 (Line Drive, 8LM, EV 88.8 MPH)
|
|
Batting: RHB Rickey Henderson
|
0-0: Ball 1-0: Ball 2-0: Called Strike 2-1: Foul Ball, location: 2F 2-2: Foul Ball, location: 2F 2-2: DOUBLE (Line Drive, 9LS, EV 113.1 MPH)
|
|
Batting: RHB Bob Horner
|
0-0: Called Strike 0-1: Ground out 5-3 (Groundball, 56, EV 86.3 MPH)
|
| Top of the 4th over - 0 runs, 1 hit, 0 errors, 1 left on base; Kansas City 1 - Oakland 1 |
| BOTTOM OF THE 4TH |
|
Oakland Athletics batting - Pitching for Kansas City Royals : LHP Frank Viola
|
|
Batting: LHB Reggie Jackson
|
0-0: SINGLE (Groundball, P, EV 84.4 MPH) (infield hit)
|
|
Batting: RHB George Hendrick
|
0-0: Ball 1-0: Ball 2-0: Fly out, F9 (Flyball, 9D, EV 91.3 MPH)
|
|
Batting: RHB Barry Evans
|
0-0: Ball 1-0: Swinging Strike 1-1: Ball 2-1: SINGLE (Line Drive, 78S, EV 96.9 MPH) Reggie Jackson to second Runner from 2nd tries for 3rd, SAFE, no throw by CF
|
|
Batting: RHB Willie Darkis
|
0-0: Swinging Strike 0-1: TRIPLE (Flyball, 8LXD, EV 90.6 MPH) Reggie Jackson scores Barry Evans scores
|
|
Batting: RHB Barry Foote
|
0-0: Ball 1-0: Swinging Strike 1-1: Called Strike 1-2: Fly out, F5 (Line Drive, 5, EV 70.0 MPH)
|
|
Batting: RHB Fred Andrews
|
0-0: Ball 1-0: Called Strike 1-1: Foul Ball, location: 2F 1-2: SINGLE (Groundball, 5S, EV 66.3 MPH) (infield hit) Willie Darkis scores
|
|
Batting: SHB Mike Turgeon
|
0-0: Called Strike 0-1: Foul Ball, location: 2F 0-2: Ball Fred Andrews steals 2nd base 1-2: Ball Wild Pitch! Fred Andrews to third 2-2: 2-RUN HOME RUN (Flyball, 7D, EV 99.4 MPH), Distance : 366 ft
|
|
Pitching: RHP Bob Welch
|
|
|
Batting: LHB Ruppert Jones
|
0-0: Ball 1-0: Fly out, F7 (Flyball, 78D, EV 95.0 MPH)
|
| Bottom of the 4th over - 5 runs, 5 hits, 0 errors, 0 left on base; Kansas City 1 - Oakland 6 |
| TOP OF THE 5TH |
|
Kansas City Royals batting - Pitching for Oakland Athletics : LHP Gerald Tyler
|
|
Batting: LHB Gene Richards
|
0-0: Foul Ball, location: 2F 0-1: Ball 1-1: Fly out, F7 (Flyball, 78XD, EV 100.0 MPH)
|
|
Batting: LHB Rick Manning
|
0-0: Ball 1-0: Foul Ball, location: 2F 1-1: Foul Ball, location: 2F 1-2: Ball 2-2: Foul Ball, location: 2F 2-2: Foul Ball, location: 2F 2-2: DOUBLE (Line Drive, 9LS, EV 104.4 MPH)
|
|
Batting: LHB Jim Eisenreich
|
0-0: Foul Ball, location: 2F 0-1: Called Strike Rick Manning steals 3rd base (no throw) 0-2: Foul Ball, location: 2F 0-2: Ball 1-2: Foul Ball, location: 2F 1-2: Strikes out swinging, 2-3 out at first.
|
|
Batting: RHB Alberto Gonzalez
|
0-0: Called Strike 0-1: Ball 1-1: Foul Ball, location: 2F 1-2: Strikes out swinging
|
| Top of the 5th over - 0 runs, 1 hit, 0 errors, 1 left on base; Kansas City 1 - Oakland 6 |
| BOTTOM OF THE 5TH |
|
Oakland Athletics batting - Pitching for Kansas City Royals : RHP Bob Welch
|
|
Batting: RHB Dave Henderson
|
0-0: Called Strike 0-1: Foul Ball, location: 2F 0-2: Ball 1-2: Fly out, F3 (Popup, 3, EV 74.4 MPH)
|
|
Batting: LHB Reggie Jackson
|
0-0: Swinging Strike 0-1: Ball 1-1: Fly out, F8 (Flyball, 8LXD, EV 96.3 MPH)
|
|
Batting: RHB George Hendrick
|
0-0: Ground out 4-3 (Groundball, 4, EV 81.3 MPH)
|
| Bottom of the 5th over - 0 runs, 0 hits, 0 errors, 0 left on base; Kansas City 1 - Oakland 6 |
| TOP OF THE 6TH |
|
Kansas City Royals batting - Pitching for Oakland Athletics : LHP Gerald Tyler
|
|
Batting: RHB Jeffrey Leonard
|
0-0: Ball 1-0: Called Strike 1-1: Fly out, F4 (Line Drive, 4, EV 69.4 MPH)
|
|
Batting: LHB Alvin Davis
|
0-0: Called Strike 0-1: Ball 1-1: Swinging Strike 1-2: Ball 2-2: Ball 3-2: Base on Balls
|
|
Batting: RHB Gary Carter
|
0-0: Ball 1-0: Swinging Strike 1-1: Ball 2-1: Foul Ball, location: 2F 2-2: Strikes out swinging
|
|
Batting: RHB Rickey Henderson
|
0-0: Called Strike 0-1: Ball 1-1: Ball 2-1: Swinging Strike 2-2: Fly out, F9 (Flyball, 9S, EV 85.6 MPH)
|
| Top of the 6th over - 0 runs, 0 hits, 0 errors, 1 left on base; Kansas City 1 - Oakland 6 |
| BOTTOM OF THE 6TH |
|
Oakland Athletics batting - Pitching for Kansas City Royals : RHP Bob Welch
|
|
Batting: RHB Barry Evans
|
0-0: Foul Ball, location: 2F 0-1: Ball 1-1: Foul Ball, location: 2F 1-2: Ball 2-2: Ball 3-2: Ground out 4-3 (Groundball, 4, EV 87.5 MPH)
|
|
Batting: RHB Willie Darkis
|
0-0: Foul Ball, location: 2F 0-1: Ball 1-1: Called Strike 1-2: Strikes out swinging
|
|
Batting: RHB Barry Foote
|
0-0: Called Strike 0-1: Ball 1-1: SINGLE (Groundball, 4MD, EV 103.1 MPH)
|
|
Batting: RHB Fred Andrews
|
0-0: Fielders Choice at 2nd, 5-4 (Groundball, 56, EV 83.8 MPH)
|
| Bottom of the 6th over - 0 runs, 1 hit, 0 errors, 1 left on base; Kansas City 1 - Oakland 6 |
| TOP OF THE 7TH |
|
Kansas City Royals batting - Pitching for Oakland Athletics : LHP Gerald Tyler
|
|
Batting: RHB Bob Horner
|
0-0: Called Strike 0-1: Fly out, F8 (Flyball, 8LS, EV 86.9 MPH)
|
|
Batting: LHB Gene Richards
|
0-0: Ball 1-0: Ball 2-0: Called Strike 2-1: Ball 3-1: Swinging Strike 3-2: Foul Ball, location: 2F 3-2: Ground out 3-1 (Groundball, 34S, EV 73.1 MPH)
|
|
Batting: LHB Rick Manning
|
0-0: Called Strike 0-1: Called Strike 0-2: Foul Ball, location: 2F 0-2: Foul Ball, location: 2F 0-2: Ball 1-2: Strikes out swinging
|
| Top of the 7th over - 0 runs, 0 hits, 0 errors, 0 left on base; Kansas City 1 - Oakland 6 |
| BOTTOM OF THE 7TH |
|
Oakland Athletics batting - Pitching for Kansas City Royals : RHP Bob Welch
|
|
Batting: SHB Mike Turgeon
|
0-0: Ball 1-0: Ball 2-0: Ball 3-0: Base on Balls
|
|
Batting: LHB Ruppert Jones
|
0-0: Called Strike 0-1: Ball 1-1: Ball 2-1: Ball 3-1: Base on Balls Mike Turgeon to second
|
|
Batting: RHB Dave Henderson
|
0-0: Fly out, F9 (Flyball, 9LS, EV 91.3 MPH)
|
|
Batting: LHB Reggie Jackson
|
0-0: Hit by Pitch Mike Turgeon to third Ruppert Jones to second
|
|
Batting: RHB George Hendrick
|
0-0: Fly out, F8 (Line Drive, 8LM, EV 93.1 MPH) Runner from 3rd tags up, SCORES, throw by CF
|
|
Batting: RHB Barry Evans
|
0-0: Ball 1-0: Ball 2-0: Foul Ball, location: 2F 2-1: Foul Ball, location: 2F 2-2: Ball 3-2: Base on Balls Ruppert Jones to third Reggie Jackson to second
|
|
Batting: RHB Willie Darkis
|
0-0: Ball 1-0: Called Strike 1-1: Ground out U3 (Groundball, 3, EV 82.5 MPH)
|
| Bottom of the 7th over - 1 run, 0 hits, 0 errors, 3 left on base; Kansas City 1 - Oakland 7 |
| TOP OF THE 8TH |
|
Kansas City Royals batting - Pitching for Oakland Athletics : LHP Gerald Tyler
|
|
Batting: LHB Jim Eisenreich
|
0-0: Called Strike 0-1: Swinging Strike 0-2: Ball 1-2: Ball 2-2: DOUBLE (Groundball, 3L, EV 106.9 MPH)
|
|
Batting: RHB Alberto Gonzalez
|
0-0: Called Strike 0-1: Ball 1-1: Fly out, F7 (Flyball, 78S, EV 86.3 MPH)
|
|
Batting: RHB Jeffrey Leonard
|
0-0: Ground out 6-3 (Groundball, 6, EV 78.1 MPH)
|
|
Batting: LHB Alvin Davis
|
0-0: Ground out 5-3 (Groundball, 5S, EV 80.0 MPH)
|
| Top of the 8th over - 0 runs, 1 hit, 0 errors, 1 left on base; Kansas City 1 - Oakland 7 |
| BOTTOM OF THE 8TH |
|
Oakland Athletics batting - Pitching for Kansas City Royals : RHP Bob Welch
|
|
Batting: RHB Barry Foote
|
0-0: Ball 1-0: Called Strike 1-1: Foul Ball, location: 2F 1-2: Fly out, F4 (Popup, 4D, EV 45.6 MPH)
|
|
Batting: RHB Fred Andrews
|
0-0: Foul Ball, location: 2F 0-1: Called Strike 0-2: Fly out, F9 (Flyball, 89M, EV 89.4 MPH)
|
|
Batting: SHB Mike Turgeon
|
0-0: Called Strike 0-1: Ball 1-1: Ball 2-1: Ball 3-1: Base on Balls
|
|
Batting: LHB Ruppert Jones
|
0-0: Ball Wild Pitch! Mike Turgeon to second 1-0: Ball 2-0: Foul Ball, location: 2F 2-1: Foul Ball, location: 2F 2-2: Ball 3-2: Foul Ball, location: 2F 3-2: Strikes out swinging
|
| Bottom of the 8th over - 0 runs, 0 hits, 0 errors, 1 left on base; Kansas City 1 - Oakland 7 |
| TOP OF THE 9TH |
|
Kansas City Royals batting - Pitching for Oakland Athletics : LHP Gerald Tyler
|
|
Batting: RHB Gary Carter
|
0-0: Ball 1-0: Ball 2-0: Called Strike 2-1: Ground out 6-3 (Groundball, 6, EV 86.9 MPH)
|
|
Batting: RHB Rickey Henderson
|
0-0: SINGLE (Line Drive, 3D, EV 96.9 MPH)
|
|
Batting: RHB Bob Horner
|
0-0: Fly out, F3 (Popup, 23, EV 92.5 MPH)
|
|
Batting: LHB Gene Richards
|
0-0: Ball 1-0: Ground out 4-3 (Groundball, 4, EV 83.8 MPH)
|
| Top of the 9th over - 0 runs, 1 hit, 0 errors, 1 left on base; Kansas City 1 - Oakland 7 |
|